 Dungeon Crawl Stone Soup version 0.31.0-12-g77e489cdc1 (webtiles) character file.

Game seed: 6538028739828132209

15351 Villanelle the Covert (level 12, -5/77 HPs)
             Began as a Human Brigand on Feb 11, 2024.
             Was an Elder of Hepliaklqana.
             Slain by a black mamba (8 damage)
             ... on level 2 of the Lair of Beasts.
             The game lasted 00:47:36 (10714 turns).

Villanelle the Covert (Human Brigand)              Turns: 10714, Time: 00:47:45

Health: -5/77      AC: 11    Str: 12    XL:     12   Next: 26%
Magic:  0/19       EV: 14    Int: 17    God:    Hepliaklqana [****..]
Gold:   489        SH:  0    Dex: 14    Spells: 9/20 levels left

rFire   + . .        r - +2 dagger (elec)
rCold   x . .        (no shield)
rNeg    . . .        B - +2 troll leather armour
rPois   .            C - +0 hat {Will+}
rElec   .            c - +0 cloak
rCorr   .            g - +2 pair of gloves {Stlth+}
SInv    .            (no boots)
Will    +....        v - amulet of guardian spirit
Stlth   +++          u - ring of fire
HPRegen 1.12/turn    (no ring)
MPRegen 0.16/turn

%: guardian spirit
@: lethally poisoned (-5 -> -24), very slow
A: reduced essence, explore regen, horns 1, shaggy fur 1, inability to read
after injury 1
a: Renounce Religion, Recall Ancestor, Ancestor Identity, Transference, Idealise


You were on level 2 of the Lair of Beasts.
You worshipped Hepliaklqana.
Hepliaklqana was greatly pleased with you.
You visited 3 branches of the dungeon, and saw 12 of its levels.

You collected 610 gold pieces.
You spent 121 gold pieces at shops.

Inventory:

Hand Weapons
 r - a +2 dagger of electrocution (weapon)
Missiles
 e - 6 curare-tipped darts
 i - 3 boomerangs
 A - 4 javelins (quivered)
Armour
 c - a +0 cloak (worn)
 g - a +2 pair of gloves of stealth (worn)
 B - a +2 troll leather armour (worn)
 C - a +0 hat of willpower (worn)
Jewellery
 m - an amulet of reflection
 u - a ring of fire (left hand)
 v - an amulet of guardian spirit (around neck)
Talismans
 y - a flux talisman
Wands
 h - a wand of flame (20)
 j - a wand of iceblast (7)
 s - a wand of polymorph (10)
Scrolls
 a - 2 scrolls of fog
 k - a scroll of teleportation
 p - 2 scrolls of poison
 w - 6 scrolls of identify
 D - a scroll of silence
Potions
 b - a potion of haste
 f - 2 potions of enlightenment
 l - a potion of lignification
 n - a potion of might
 o - 2 potions of brilliance
 q - a potion of cancellation
 x - a potion of curing
 E - a potion of heal wounds


   Skills:
 * Level 5.3 Fighting
 * Level 6.4 Short Blades
 * Level 5.8 Throwing
 * Level 5.0 Armour
 * Level 5.9 Dodging
 * Level 8.0 Stealth
 * Level 4.8 Spellcasting
 * Level 3.8 Conjurations
 * Level 3.9 Hexes
 * Level 4.4 Translocations
 * Level 4.2 Air Magic
 * Level 4.5 Alchemy
 * Level 5.1 Invocations
 * Level 4.8 Evocations
 * Level 3.5 Shapeshifting


You had 9 spell levels left.
You knew the following spells:

 Your Spells              Type           Power      Damage    Failure   Level
a - Vhi's Electric Charg  Tloc/Air       36%        N/A       30%         4
b - Mercury Vapours       Alch/Air       36%        N/A       4%          2
c - Tukima's Dance        Hex            17%        N/A       11%         3
d - Jinxbite              Hex            34%        N/A       5%          2

Your spell library contained the following spells:

 Spells                   Type           Power      Damage    Failure   Level
 Apportation              Tloc           38%        N/A       3%          1
 Lesser Beckoning         Tloc           38%        N/A       4%          2
 Gell's Gravitas          Tloc           19%        N/A       9%          3
 Teleport Other           Tloc           19%        N/A       9%          3
 Mephitic Cloud           Conj/Alch/Air  18%        N/A       10%         3
 Stone Arrow              Conj/Erth      20%        3d8       26%         3
 Sublimation of Blood     Necr           4%         N/A       28%         2
 Dimensional Bullseye     Hex/Tloc       9%         N/A       32%         4
 Iskenderun's Mystic Bla  Conj/Tloc      18%        2d6       32%         4
 Petrify                  Alch/Erth      11%        N/A       58%         4
 Alistair's Intoxication  Alch           12%        N/A       63%         5
 Irradiate                Conj/Alch      9%         3d14      67%         5
 Arcjolt                  Conj/Air       8%         1d18      69%         5
 Freezing Cloud           Conj/Ice/Air   6%         6-21      86%         5
 Animate Armour           Summ/Erth      8%         N/A       88%         4
 Plasma Beam              Fire/Air       8%         2x1d18    100%        6
 Lehudib's Crystal Spear  Conj/Erth      5%         10d3      100%        8


Dungeon Overview and Level Annotations

Branches:
Dungeon (9/15)             Temple (1/1) D:4            Lair (2/5) D:9
  Snake (0/4) Lair:2
  Swamp: Lair:2-3    Shoals: Lair:2-3       Orc: D:9-12

Altars:
Ashenzari
Cheibriados
Dithmenos
Elyvilon
Fedhas
Hepliaklqana
Kikubaaqudgha
Makhleb
Okawaru
Qazlal
Ru
Sif Muna
Trog
Uskayaw
Vehumet
Wu Jian
Xom
Yredelemnul
Zin
The Shining One

Shops:
D:3 !

Annotations:
D:8 2 transporters, TheBioAlchemist's ghost, novice DjWr
Temple 2 transporters


Innate Abilities, Weirdness & Mutations

Your life essence is reduced to manifest your ancestor. (-10% HP)
You regain HP and MP as you explore.
You have a pair of small horns on your head.
You are covered in fur. (AC +1)
You occasionally lose the ability to read scrolls when taking damage.


Message History

The water moccasin bites you.
* * * LOW HITPOINT WARNING * * *
You are more poisoned.
The water moccasin poisons you!
The cane toad is engulfed in a cloud of scalding steam.
The cane toad closely misses you.
Helga hits the water moccasin with a +0 dagger of draining!
Helga drains the water moccasin.
The water moccasin dies!
The black mamba bites you.
* * * LOW HITPOINT WARNING * * *
You are more poisoned.
The black mamba poisons you!
A hornet comes into view.
Unknown command.
The hornet buzzes angrily.
You hit the cane toad.
You kill the cane toad!
* * * LOW HITPOINT WARNING * * *
You feel extremely sick.
The water moccasin bites you but does no damage.
The black mamba misses you.
The steam dragon bites Helga!
The steam dragon completely misses Helga.
The rime drake is engulfed in a cloud of scalding steam.
Your Stealth skill increases to level 8!
Unknown command.
Aiming: Charm
Press: ? - help, Shift-Dir - straight line, f - steam dragon
Aim: a steam dragon (water, ally target, chance to affect: 61%) Helga avoids your attack.
The steam dragon is charmed.
The now-empty wand crumbles to dust.
* * * LOW HITPOINT WARNING * * *
You feel extremely sick. The water moccasin barely misses you.
The black mamba bites you but does no damage.
The rime drake bites Helga.
The dire elephant splashes around in the water.
The dire elephant trunk-slaps your steam dragon.
The water moccasin misses you. The black mamba bites you!
You die...

## ######### .###
###≈≈≈≈≈≈≈## ####
.#.####≈≈≈≈~~≈≈≈≈#
####P.###
.......≈≈≈~...≈≈≈#
##......P#
###..##~~~.....≈≈##
#.......P# #
#####.....#..~≈≈#
###.....##
#.....#..S≈≈#
#.#....## #
##....###..@≈#
###....P# #
##..#..# #.SRD#
#.....P# #
#....####..≈≈k#
##.#..## ###.#.#
#..~hY# ##....#
##.R.# #..y≈##
##...##
#...###≈.~≈≈#
#...#R# #P..#
#..~≈≈# ##..###
#####.## ...≈≈≈≈
#..# # #.###.#
...≈≈≈≈≈ ##..##


You could see the friendly Helga the hexer, a dire elephant, a polar bear, a
black mamba (drained), a rime drake (ally target), a hornet, a water moccasin
and a friendly steam dragon (charmed).

Vanquished Creatures
  Joseph (D:8)
  4 cane toads (Lair:2)
  A rime drake (Lair:2)
  2 komodo dragons (Lair:2)
  A wyvern (D:9)
  17 yaks
  A wraith (D:9)
  2 basilisks
  A steam dragon (D:9)
  5 water moccasins
  An ice beast (D:5)
  2 black bears
  3 wolves (Lair:2)
  2 centaurs (D:8)
  4 kobold brigands
  A gnoll sergeant (D:7)
  8 bullfrogs
  2 scorpions
  7 wights
  17 killer bees
  3 electric eels
  3 bombardier beetles
  2 howler monkeys
  2 hounds
  2 jellies
  2 orc priests
  Ijyb (D:4)
  An iguana (D:6)
  A sleepcap (D:7)
  Natasha (thrice) (D:4)
  5 orc wizards
  Robin (D:2)
  7 gnolls
  5 adders
  2 white imps
  2 ufetubi (D:7)
  A dart slug (D:1)
  2 ribbon worms
  21 orcs
  5 endoplasms (D:1)
  3 giant cockroaches
  6 goblins
  13 hobgoblins
  A jackal (D:5)
  3 quokkas
  9 ball pythons
  4 bats
  5 frilled lizards
  20 kobolds
  4 rats
221 creatures vanquished.

Vanquished Creatures (collateral kills)
  Gastronok (D:8)
  3 cane toads
  A troll (D:8)
  2 hornets
  A wyvern (D:7)
  5 yaks
  A steam dragon (D:8)
  2 water moccasins
  A sky beast (D:8)
  An ice beast (D:6)
  A black bear (D:7)
  3 wolves (Lair:2)
  A centaur (D:6)
  A gnoll sergeant (D:9)
  9 bullfrogs
  5 wights
  7 killer bees
  4 orc priests (D:6)
  2 orc wizards
  A gnoll (D:9)
  A shadow imp (D:8)
  4 ufetubi
  A dart slug (D:1)
  7 orcs
  2 endoplasms
  4 goblins
  3 hobgoblins (D:2)
  A jackal (D:5)
  A ball python (D:2)
  9 kobolds
85 creatures vanquished.

Vanquished Creatures (others)
  A dancing weapon (D:9)
  A wight (D:6)
  A hexer (D:8)
3 creatures vanquished.

Grand Total: 309 creatures vanquished

Notes
Turn   | Place    | Note
-------+----------+-------------------------------------------
     0 | D:1      | Villanelle the Human Brigand began the quest for the Orb.
     0 | D:1      | Reached XP level 1. HP: 16/16 MP: 1/1
   175 | D:1      | Reached XP level 2. HP: 22/22 MP: 2/2
   741 | D:2      | Reached XP level 3. HP: 16/27 MP: 3/3
   797 | D:2      | Reached XP level 4. HP: 14/33 MP: 4/4
   903 | D:3      | Reached skill level 1 in Armour
  1013 | D:4      | Noticed Natasha
  1016 | D:4      | Reached skill level 5 in Stealth
  1020 | D:4      | Killed Natasha
  1021 | D:4      | Reached XP level 5. HP: 39/39 MP: 5/5
  1036 | D:4      | Found a broken altar of Ashenzari.
  1037 | D:4      | Noticed Ijyb
  1057 | D:4      | Found a staircase to the Ecumenical Temple.
  1097 | Temple   | Found a transporter.
  1097 | Temple   | Found a transporter.
  1097 | Temple   | Found a transporter.
  1097 | Temple   | Found a transporter.
  1097 | Temple   | Entered the Ecumenical Temple
  1144 | Temple   | Became a worshipper of Hepliaklqana the Forgotten
  1218 | D:4      | Reached XP level 6. HP: 15/46 MP: 6/6
  1285 | D:4      | Learned a level 4 spell: Vhi's Electric Charge
  1308 | D:4      | Noticed a black bear
  1348 | D:4      | Killed a black bear
  1361 | D:4      | Noticed Natasha
  1371 | D:4      | HP: 1/46 [Natasha/puff of flame (6)]
  1375 | D:4      | Killed Natasha
  1575 | D:4      | Noticed Natasha
  1595 | D:4      | Reached skill level 1 in Invocations
  1601 | D:4      | Killed Natasha
  1602 | D:4      | Reached XP level 7. HP: 15/51 MP: 6/8
  1979 | D:4      | Reached skill level 1 in Spellcasting
  2284 | D:4      | Learned a level 2 spell: Mercury Vapours
  2382 | D:4      | Killed Ijyb
  2656 | D:3      | Found Dask's Distillery.
  2709 | D:3      | Bought a potion of curing for 33 gold pieces
  2709 | D:3      | Bought a potion of might for 44 gold pieces
  2709 | D:3      | Bought a potion of brilliance for 44 gold pieces
  3374 | D:2      | Reached * piety under Hepliaklqana
  3401 | D:2      | Noticed Robin
  3436 | D:2      | Killed Robin
  4384 | D:1      | Gained mutation: You occasionally shout uncontrollably at
                  | your foes. [potion of mutation]
  4384 | D:1      | Gained mutation: You have very sharp teeth. [potion of
                  | mutation]
  4724 | D:4      | You fall into a shaft and drop 1 floor!
  4724 | D:5      | Entered Level 5 of the Dungeon
  4766 | D:5      | Reached skill level 1 in Evocations
  5018 | D:5      | Reached ** piety under Hepliaklqana
  5019 | D:5      | Remembered your ancestor Helga as a hexer
  5110 | D:5      | Reached skill level 1 in Translocations
  5110 | D:5      | Reached skill level 1 in Air Magic
  5110 | D:5      | Reached XP level 8. HP: 45/52 MP: 10/10
  5314 | D:5      | Reached skill level 1 in Alchemy
  5485 | D:5      | Found a basalt altar of Yredelemnul.
  5630 | D:6      | Learned a level 3 spell: Mephitic Cloud
  5637 | D:6      | Reached skill level 6 in Stealth
  5922 | D:6      | Reached XP level 9. HP: 55/57 MP: 12/12
  6155 | D:7      | Learned a level 2 spell: Jinxbite
  6420 | D:7      | Reached skill level 5 in Short Blades
  6490 | D:7      | Reached skill level 1 in Conjurations
  6521 | D:7      | Noticed a hornet
  6525 | D:7      | Paralysed by a hornet for 2 turns
  6527 | D:7      | Killed a hornet
  6528 | D:7      | Reached skill level 1 in Shapeshifting
  6584 | D:7      | Found a glowing silver altar of Zin.
  6584 | D:7      | Found a blossoming altar of Fedhas.
  6617 | D:7      | Reached skill level 1 in Hexes
  7179 | D:8      | Found a transporter.
  7181 | D:8      | Noticed a hornet
  7187 | D:8      | Killed a hornet
  7199 | D:8      | Found a transporter.
  7218 | D:8      | Noticed TheBioAlchemist's ghost (novice DjWr)
  7284 | D:8      | Noticed a troll
  7295 | D:8      | Killed a troll
  7296 | D:8      | Reached skill level 7 in Stealth
  7344 | D:8      | Reached *** piety under Hepliaklqana
  7360 | D:8      | Reached XP level 10. HP: 63/63 MP: 14/14
  7398 | D:8      | Noticed Joseph
  7412 | D:8      | Killed Joseph
  7485 | D:8      | Found a white marble altar of Elyvilon.
  7595 | D:8      | Noticed Gastronok
  7612 | D:8      | Killed Gastronok
  7682 | D:8      | Reached skill level 5 in Dodging
  7702 | D:8      | Reached skill level 5 in Throwing
  7892 | D:8      | Found an iron altar of Okawaru.
  7942 | D:8      | Found a stormy altar of Qazlal.
  8144 | D:9      | Identified the +3 leather armour of Solemn Awe {Str+2}
  8237 | D:9      | Learned a level 3 spell: Tukima's Dance
  8352 | D:9      | Found a radiant altar of Vehumet.
  8358 | D:9      | Reached XP level 11. HP: 64/70 MP: 13/16
  8468 | D:9      | Found a staircase to the Lair.
  8873 | D:9      | Identified the serpent talisman of Eternal Night {rElec
                  | Str+2 Int+3}
  8901 | D:9      | Found a sacrificial altar of Ru.
  9050 | Lair:1   | Entered Level 1 of the Lair of Beasts
  9209 | Lair:1   | Reached **** piety under Hepliaklqana
  9941 | Lair:2   | Reached skill level 5 in Fighting
 10076 | Lair:2   | Lost mutation: You occasionally shout uncontrollably at
                  | your foes. [potion of mutation]
 10076 | Lair:2   | Lost mutation: You have very sharp teeth. [potion of
                  | mutation]
 10076 | Lair:2   | Gained mutation: You have a pair of small horns on your
                  | head. [potion of mutation]
 10076 | Lair:2   | Gained mutation: You are covered in fur. (AC +1) [potion of
                  | mutation]
 10076 | Lair:2   | Gained mutation: You occasionally lose the ability to read
                  | scrolls when taking damage. [potion of mutation]
 10108 | Lair:2   | Found a staircase to the Snake Pit.
 10190 | Lair:2   | Reached XP level 12. HP: 77/77 MP: 18/18
 10314 | Lair:2   | Reached skill level 5 in Invocations
 10452 | Lair:2   | Reached skill level 5 in Armour
 10706 | Lair:2   | Noticed a dire elephant
 10714 | Lair:2   | Reached skill level 8 in Stealth
 10714 | Lair:2   | HP: 3/77 [poisoned by a black mamba]
 10714 | Lair:2   | Slain by a black mamba

Illustrated notes

Levels and vault maps discovered:
D:1:      elethiomel_arrival_quiet, layout_basic
D:2:      layout_basic, minivault_26, uniq_robin
D:3:      minmay_wonky_spiral, layout_basic, serial_shops,
          nicolae_shop_tiny_statue_garden, interstate_on_off
D:4:      cheibrodos_thug_alley, layout_rooms, ashenzari_conservatory_becter,
          minmay_temple_entry_trees, uniq_ijyb, uniq_natasha
D:5:      layout_basic, mainiacjoe_overflow_chevrons, kennysheep_generic_room_8
D:6:      layout_gridville
D:7:      layout_basic, jmf_multi_god_temple, hex_medium,
          minmay_misc_feat_four_crosses
D:8:      layout_rooms, mainiacjoe_overflow_surrounded_room,
          overflow_temple_1_default, kennysheep_mini,
          gammafunk_ghost_stat_death, serial_bayou, serial_bayou_pond_d,
          serial_bayou_shore_b, serial_bayou_ford_a, serial_bayou_crossing,
          uniq_gastronok, uniq_joseph
D:9:      layout_loops_ring, mainiacjoe_overflow_small_starburst,
          lemuel_doored_altar, lair_entry_dummy, minmay_misc_feat_rugged
Temple:   hellmonk_temple_divided_pantheon
Lair:1:   layout_gridlike
Lair:2:   layout_chaotic_city, dummy_snake_entry, nicolae_lair_lakeside_cave

Skill      XL: |  1  2  3  4  5  6  7  8  9 10 11 12 |
---------------+-------------------------------------+-----
Armour         | 1 2 3 4 5 |  5.0
Stealth        | 5 6 7 8 |  8.0
Dodging        | 2 3 4 5 |  5.9
Throwing       | 3 4 5 |  5.8
Short Blades   | 3 4 5 6 |  6.4
Invocations    | 1 2 3 4 5 |  5.1
Spellcasting   | 1 2 3 4 |  4.8
Fighting       | 3 4 5 |  5.3
Evocations     | 1 2 3 4 |  4.8
Translocations | 1 2 3 4 |  4.4
Air Magic      | 1 2 3 4 |  4.2
Alchemy        | 1 2 3 4 |  4.5
Conjurations   | 1 2 3 |  3.8
Shapeshifting  | 1 2 3 |  3.5
Hexes          | 1 2 3 |  3.9

Action                     |  1- 3 |  4- 6 |  7- 9 | 10-12 || total
---------------------------+-------+-------+-------+-------++-------
  Melee: Dagger            |    72 |   130 |   251 |   273 ||   726
         Bite              |       |       |    14 |    32 ||    46
         Punch             |       |       |     2 |     4 ||     6
         Headbutt          |       |       |       |    13 ||    13
  Throw: Dart              |    20 |    13 |    38 |    16 ||    87
         Javelin           |       |       |       |     6 ||     6
   Cast: Mercury Vapours   |       |       |    13 |    35 ||    48
         Jinxbite          |       |       |     5 |    11 ||    16
         Tukima's Dance    |       |       |       |     1 ||     1
 Invoke: Recall Ancestor   |       |       |     2 |     4 ||     6
         Ancestor Life: He |       |       |     1 |       ||     1
         Ancestor Identity |       |       |     1 |       ||     1
  Evoke: Wand              |       |       |    26 |    20 ||    46
    Use: Scroll            |     2 |       |    11 |     8 ||    21
         Potion            |     3 |     1 |     4 |     6 ||    14
   Stab: Sleeping          |     5 |     3 |    16 |     3 ||    27
         Distracted        |       |       |     3 |     8 ||    11
         Confused          |       |       |     6 |     3 ||     9
 Armour: Robe              |    54 |     4 |       |       ||    58
         Leather armour    |       |    66 |   142 |       ||   208
         Troll leather arm |       |       |       |   223 ||   223
  Dodge: Dodged            |    51 |    63 |   142 |   222 ||   478
